 Dungeon Crawl Stone Soup version 0.21.1-1-g345015f (webtiles) character file.

14 teukkam the Carver (level 2, 0/23 HPs)
             Began as a Gnoll Wanderer on Feb 14, 2018.
             Slain by an orc (2 damage)
             ... on level 3 of the Dungeon.
             The game lasted 00:02:03 (524 turns).

teukkam the Carver (Gnoll Wanderer)                  Turns: 524, Time: 00:02:03

Health: 0/23       AC:  2    Str: 13    XL:     2   Next: 45%
Magic:  2/2        EV: 11    Int: 13    God:
Gold:   0          SH:  0    Dex: 16    Spells: 1/1 levels left

rFire    . . .     SeeInvis .   a - +0 falchion
rCold    . . .     Gourm    .   (no shield)
rNeg     . . .     Faith    .   e - +0 robe
rPois    .         Spirit   .   (no helmet)
rElec    .         Reflect  .   (no cloak)
rCorr    .         Harm     .   (no gloves)
MR       .....                  (no boots)
Stlth    +++.......             (no amulet)
HPRegen  0.07/turn              (no ring)
MPRegen  0.08/turn              (no ring)

@: no status effects
A: distributed training, fangs 1, strong nose
a: no special abilities


You were on level 3 of the Dungeon.
You were not hungry.

You visited 1 branch of the dungeon, and saw 3 of its levels.

Inventory:

Hand Weapons
 a - a +0 falchion (weapon)
 b - a +0 blowgun
 d - a +2 mace
 f - a +0 dagger
 j - a +2 hunting sling of velocity
Missiles
 c - 11 poisoned needles
Armour
 e - a +0 robe (worn)
Jewellery
 l - an uncursed amulet of magic regeneration {unknown}
Scrolls
 h - a scroll of amnesia {unknown}
Potions
 i - a potion of heal wounds {unknown}
Comestibles
 g - 2 rations
 k - a chunk of flesh


   Skills:
 + Level 2.5 Fighting
 + Level 0.4 Short Blades
 + Level 8.5 Long Blades
 + Level 0.4 Axes
 + Level 2.5 Maces & Flails
 + Level 0.4 Polearms
 + Level 0.4 Staves
 + Level 0.4 Slings
 + Level 0.4 Bows
 + Level 0.4 Crossbows
 + Level 2.5 Throwing
 + Level 2.5 Armour
 + Level 0.4 Dodging
 + Level 4.1 Stealth
 + Level 0.4 Shields
 + Level 0.4 Unarmed Combat
 + Level 0.4 Spellcasting
 + Level 0.2 Conjurations
 + Level 0.2 Hexes
 + Level 0.2 Charms
 + Level 0.2 Summonings
 + Level 0.2 Necromancy
 + Level 0.2 Translocations
 + Level 0.2 Transmutations
 + Level 0.2 Fire Magic
 + Level 0.2 Ice Magic
 + Level 0.2 Air Magic
 + Level 0.2 Earth Magic
 + Level 0.2 Poison Magic
 + Level 0.5 Invocations
 + Level 0.4 Evocations


You had one spell level left.
You didn't know any spells.

Dungeon Overview and Level Annotations

Branches:
Dungeon (3/15)

Altars:
Uskayaw


Innate Abilities, Weirdness & Mutations

Your experience applies equally to all skills.
You have very sharp teeth.
Your uncanny sense of smell can sniff out nearby items.


Message History

You hit the orc but do no damage. The orc barely misses you.
You barely miss the orc. The orc closely misses you.
You riposte.
You barely miss the orc.
The orc throws a tomahawk.
The tomahawk barely misses you.
You barely miss the orc. The orc misses you.
You riposte.
You hit the orc but do no damage. Your bite misses the orc.
The orc hits you with a war axe!
You slash the orc!
You kill the orc!
The orc throws a tomahawk.
The tomahawk barely misses you. The orc hits you.
The orc hits you but does no damage. The orc hits you.
You hit the orc. You bite the orc.
The orc is moderately wounded.
The orc hits you with a hand axe.
* * * LOW HITPOINT WARNING * * *
The orc closely misses you.
You riposte.
You hit the orc but do no damage. You barely miss the orc.
The orc is moderately wounded.
The orc completely misses you. The orc hits you.
You die...

##### #...## #....
#...# #...# #o..#
########@).#####
......._.o......
#######.......#####
...........(..#
######.#####.# #.#
.# ##'#####+####
#...#.......#
#...#.......# #


You could see 2 orcs.

Vanquished Creatures
  A worm (D:2)
  An orc (D:3)
  A bat (D:1)
  2 hobgoblins (D:1)
  A quokka (D:3)
  2 frilled lizards (D:1)
  A kobold (D:1)
  2 rats
11 creatures vanquished.

Notes
Turn   | Place    | Note
-------+----------+-------------------------------------------
     0 | D:1      | teukkam the Gnoll Wanderer began the quest for the Orb.
     0 | D:1      | teukkam set off with: a +2 mace, a +0 falchion, 11 poisoned needles, a +0 blowgun, a +0 robe, a +0 dagger, a ration
     0 | D:1      | Reached XP level 1. HP: 17/17 MP: 1/1
   154 | D:2      | Reached XP level 2. HP: 10/23 MP: 2/2
   511 | D:3      | Found a hide-covered altar of Uskayaw.
   524 | D:3      | Slain by an orc

Action                   || total
-------------------------++-------
Melee: Falchion          ||    38
       Bite              ||     7
       Mace              ||     5
 Stab: Sleeping          ||     3
Armor: Robe              ||     4
Dodge: Dodged            ||    26
       Rpst.: Falchion   ||     6
